 Dungeon Crawl Stone Soup version 0.19.0-11-g3fc08b3 (webtiles) character file.

63 Jerry the Shield-Bearer (level 4, -1/28 HPs)
             Began as a Gargoyle Fighter on Nov 9, 2016.
             Slain by Jerry's ghost (11 damage)
             ... on level 3 of the Dungeon.
             The game lasted 00:03:20 (1702 turns).

Jerry the Shield-Bearer (Gargoyle Fighter)          Turns: 1702, Time: 00:03:21

Health: -1/28      AC: 10    Str: 25    XL:     4   Next: 10%
Magic:  4/4        EV:  7    Int:  8    God:
Gold:   108        SH: 10    Dex: 10    Spells: 0 memorised, 3 levels left

rFire  . . .     SeeInvis .     a - +0 flail
rCold  . . .     Gourm    .     b - +0 scale mail
rNeg   + . .     Faith    .     c - +0 shield
rPois  ∞         Spirit   .     (no helmet)
rElec  +         Reflect  .     (no cloak)
rCorr  .         Harm     .     (no gloves)
MR     .....                    (no boots)
Stlth  ..........               (no amulet)
                                (no ring)
                                (no ring)

@: mighty
A: negative energy resistance 1, electricity resistance, unbreathing,
petrification resistance, rot immunity, AC +3
a: no special abilities


You were on level 3 of the Dungeon.
You were hungry.

You visited 1 branch of the dungeon, and saw 3 of its levels.

You collected 108 gold pieces.

Inventory:

Hand Weapons
 a - a +0 flail (weapon)
Armour
 b - a +0 scale mail (worn)
 c - a +0 shield (worn)
Jewellery
 s - a cursed -3 ring of dexterity {unknown}
Scrolls
 e - a scroll of enchant armour {unknown}
 h - 2 scrolls of enchant weapon {unknown}
 i - 2 scrolls of remove curse {unknown}
 j - a scroll of fear {unknown}
 m - a scroll of recharging {unknown}
 n - 3 scrolls of identify {unknown}
 o - a scroll of immolation {unknown}
Potions
 k - a potion of flight {unknown}
 l - 2 potions of haste {unknown}
 p - a potion of mutation {unknown}
 r - a potion of degeneration {unknown}
Comestibles
 f - a bread ration
 g - a beef jerky
 q - a slice of pizza


   Skills:
 - Level 3.4 Fighting
 + Level 2.8 Maces & Flails
 + Level 4.0 Armour
 + Level 4.1 Shields


You had 3 spell levels left.
You didn't know any spells.

Dungeon Overview and Level Annotations

Branches:
Dungeon (3/15)

Altars:
Ashenzari

Annotations:
D:3 Jerry's ghost, amateur GrFi


Innate Abilities, Weirdness & Mutations

You are resistant to torment.
Your stone body is resilient. (AC +3)
You are immune to poison.
You resist negative energy. (rN+)
You are resistant to electric shocks. (rElec)
You can survive without breathing.
You are immune to petrification.
You are immune to rotting.


Message History

You block Jerry's ghost's attack.
Your shield prevents you from hitting Jerry's ghost.
Jerry's ghost is lightly damaged.
Jerry's ghost hits you!
You hit Jerry's ghost but do no damage.
Jerry's ghost is lightly damaged.
Jerry's ghost hits you.
Jerry's ghost says, "My insurmountable tactics guarantee your defeat."
Jerry's ghost hits you but does no damage.
You hit Jerry's ghost.
Jerry's ghost is lightly damaged.
Jerry's ghost hits you.
A goblin comes into view.
You sock Jerry's ghost!
Jerry's ghost is severely damaged.
Jerry's ghost barely misses you.
The goblin moves out of view.
You sock Jerry's ghost!
Jerry's ghost is almost destroyed.
Jerry's ghost barely misses you. Jerry's ghost hits you!
You die...

#...#>.....
#..###[....
#..###8...8 #..#
##8## #..# # ### #
#..#########.## .#
#........##.#.#####.#
##.#####.#.###......#
#.#####.@W.#.......#
#.......###.######.#
#######.# ### # #.#
#.# #g# #.> #.# #.#


You could see Jerry's ghost and a goblin.

Vanquished Creatures
  2 adders (D:2)
  2 worms (D:2)
  4 giant cockroaches (D:2)
  9 goblins
  4 hobgoblins
  2 kobolds
  A quokka (D:2)
  4 bats
  3 frilled lizards (D:2)
  8 rats
39 creatures vanquished.

Notes
Turn   | Place    | Note
-------+----------+-------------------------------------------
     0 | D:1      | Jerry the Gargoyle Fighter began the quest for the Orb.
     0 | D:1      | Reached XP level 1. HP: 14/14 MP: 1/1
   242 | D:1      | Reached XP level 2. HP: 16/19 MP: 2/2
   745 | D:2      | Reached XP level 3. HP: 13/23 MP: 3/3
  1400 | D:2      | Reached XP level 4. HP: 28/28 MP: 4/4
  1573 | D:2      | Found a faded altar of an unknown god.
  1573 | D:2      | Found a faded altar of an unknown god.
  1578 | D:2      | Found a shattered altar of Ashenzari.
  1580 | D:2      | Found a faded altar of an unknown god.
  1582 | D:2      | Found a faded altar of an unknown god.
  1685 | D:3      | Noticed Jerry's ghost (amateur GrFi)
  1702 | D:3      | Slain by Jerry's ghost

Skill      XL: |  1  2  3 |
---------------+----------+-----
Shields        | 4 |  4.1
Armour         | 4 |  4.0
Fighting       | |  3.4
Maces & Flails | |  2.8

Action                   |  1- 3 |  4- 6 || total
-------------------------+-------+-------++-------
Melee: Flail             |   140 |    17 ||   157
  Use: Potion            |       |     1 ||     1
  Eat: Chunk             |     2 |       ||     2
Armor: Scale mail        |    72 |     1 ||    73
Dodge: Dodged            |    45 |     4 ||    49
Block: Shield            |    72 |     7 ||    79
